[ AOE2 MATCH · #504747819 ]
UnrankedBengalis vs Portuguese
Player's team · WIN
Rival team · LOSS
[ REPLAY ANALYSIS · EXTRACTED FROM THE RECORDED GAME ]
Feudal
10:06
Castle
22:07
Imperial
43:47
| APM avg | 59.5 |
| APM peak | 111 |
| eAPM avg | 30.3 |
| Villagers / military | 174 / 234 |
Focus
⚔️ 33.6% · 🌾 66.4%
Scout Cavalry ×150 · Elephant Archer ×60 · Monk ×7 · Archer ×6 · Trebuchet (Packed) ×6 · Armored Elephant ×2
Feudal
14:47
Castle
19:13
Imperial
41:40
| APM avg | 47.8 |
| APM peak | 80 |
| eAPM avg | 27.8 |
| Villagers / military | 168 / 219 |
Focus
⚔️ 45.3% · 🌾 54.7%
Skirmisher ×98 · Hand Cannoneer ×50 · Scout Cavalry ×32 · Mangonel ×14 · Monk ×12 · Militia ×7
Match map
Initial resources + every placement click. Lines = walls · curves = elevation contours. ◆ gold · ⬟ stone · ● berries · ✦ relic · ◌ wall gap
Your base· ✓ Closed at 22:07 · 56t walls · 1 gate(s)
LiyCoh's base· ✓ Closed at 19:13 · 75t walls · no gate
Smoothed initial terrain · ◌ = detected wall gap · hover for details
Inputs per minute
— EbolasRider - - LiyCoh
Build order — EbolasRider
First 150 of 723 actions detected
| 0:01 | Create | Villager (Male) |
| 0:01 | Create | Villager (Male) |
| 0:03 | Build | House |
| 0:04 | Build | House |
| 0:06 | Create | Villager (Male) |
| 0:10 | Create | Villager (Male) |
| 1:29 | Create | Villager (Male) |
| 2:02 | Create | Villager (Male) |
| 2:07 | Build | Lumber Camp |
| 2:13 | Create | Villager (Male) |
| 2:47 | Create | Villager (Male) |
| 2:47 | Create | Villager (Male) |
| 3:05 | Create | Villager (Male) |
| 3:35 | Create | Villager (Male) |
| 3:50 | Build | House |
| 4:00 | Create | Villager (Male) |
| 4:02 | Create | Villager (Male) |
| 4:21 | Build | Mill |
| 4:36 | Create | Villager (Male) |
| 4:39 | Build | House |
| 4:50 | Create | Villager (Male) |
| 5:31 | Create | Villager (Male) |
| 6:05 | Research | Loom |
| 6:10 | Build | Lumber Camp |
| 6:38 | Create | Villager (Male) |
| 6:45 | Create | Villager (Male) |
| 6:55 | Create | Villager (Male) |
| 7:23 | Build | House |
| 7:25 | Build | Palisade Wall |
| 7:51 | Research | Feudal Age |
| 7:51 | Research | Feudal Age |
| 8:50 | Build | Barracks |
| 9:01 | Create | Villager (Male) |
| 9:43 | Create | Villager (Male) |
| 9:58 | Build | Palisade Wall |
| 10:06 | Age | Feudal Age |
| 10:10 | Build | Archery Range |
| 10:12 | Research | Double-Bit Axe |
| 10:18 | Create | Villager (Male) |
| 10:23 | Build | House |
| 10:25 | Create | Villager (Male) |
| 10:29 | Build | Palisade Wall |
| 10:48 | Build | Farm |
| 10:50 | Create | Archer |
| 11:01 | Build | Mill |
| 11:17 | Build | House |
| 11:33 | Create | Villager (Male) |
| 11:35 | Build | Farm |
| 12:16 | Build | Farm |
| 12:28 | Build | Farm |
| 12:29 | Build | Farm |
| 12:32 | Build | Farm |
| 12:33 | Build | Farm |
| 12:43 | Create | Villager (Male) |
| 12:50 | Build | Mining Camp |
| 13:02 | Build | Farm |
| 13:11 | Create | Villager (Male) |
| 13:20 | Build | House |
| 13:28 | Build | House |
| 13:35 | Create | Skirmisher |
| 13:39 | Create | Villager (Male) |
| 13:46 | Create | Villager (Male) |
| 13:55 | Create | Archer |
| 13:57 | Create | Villager (Male) |
| 14:23 | Build | Farm |
| 14:25 | Create | Archer |
| 14:26 | Create | Villager (Male) |
| 14:41 | Build | House |
| 14:43 | Build | Farm |
| 14:47 | Build | House |
| 14:50 | Build | Palisade Wall |
| 14:51 | Build | Palisade Wall |
| 14:57 | Create | Villager (Male) |
| 15:04 | Build | Farm |
| 15:09 | Create | Archer |
| 15:28 | Create | Villager (Male) |
| 15:36 | Create | Archer |
| 15:43 | Build | Palisade Wall |
| 16:05 | Create | Villager (Male) |
| 16:21 | Build | Blacksmith |
| 16:23 | Create | Villager (Male) |
| 16:29 | Create | Archer |
| 16:34 | Build | Palisade Wall |
| 16:35 | Build | Palisade Wall |
| 16:36 | Build | Palisade Wall |
| 16:51 | Create | Villager (Male) |
| 17:11 | Build | Palisade Wall |
| 17:13 | Build | Palisade Wall |
| 17:16 | Build | House |
| 17:19 | Create | Villager (Male) |
| 17:33 | Build | Farm |
| 17:37 | Create | Villager (Male) |
| 17:52 | Build | House |
| 18:05 | Build | Watch Tower |
| 18:07 | Create | Villager (Male) |
| 18:22 | Build | House |
| 18:29 | Create | Villager (Male) |
| 18:48 | Build | Palisade Wall |
| 18:54 | Build | Palisade Wall |
| 18:56 | Build | Palisade Wall |
| 18:58 | Build | Palisade Wall |
| 19:09 | Build | Palisade Gate |
| 19:18 | Build | House |
| 19:19 | Build | Palisade Wall |
| 19:27 | Research | Castle Age |
| 19:27 | Research | Castle Age |
| 19:58 | Build | Archery Range |
| 20:19 | Research | Fletching |
| 20:21 | Research | Padded Archer Armor |
| 20:22 | Build | Farm |
| 20:29 | Build | Farm |
| 20:31 | Research | Horse Collar |
| 20:34 | Build | Farm |
| 20:37 | Build | Farm |
| 20:40 | Build | Lumber Camp |
| 20:47 | Build | Farm |
| 20:57 | Build | Farm |
| 21:11 | Build | House |
| 21:27 | Build | Farm |
| 21:27 | Build | Farm |
| 21:32 | Build | House |
| 21:35 | Build | House |
| 21:46 | Create | Villager (Male) |
| 21:49 | Build | House |
| 22:07 | Age | Castle Age |
| 22:08 | Build | House |
| 22:11 | Research | Bodkin Arrow |
| 22:12 | Create | Elephant Archer |
| 22:13 | Create | Elephant Archer |
| 22:14 | Create | Elephant Archer |
| 22:15 | Build | Farm |
| 22:17 | Create | Villager (Male) |
| 22:18 | Build | Farm |
| 22:18 | Build | Farm |
| 22:23 | Build | Outpost |
| 22:34 | Create | Villager (Male) |
| 22:36 | Create | Villager (Male) |
| 22:40 | Create | Elephant Archer |
| 22:47 | Build | Farm |
| 22:48 | Create | Villager (Male) |
| 22:56 | Build | Farm |
| 22:57 | Build | Farm |
| 23:00 | Create | Elephant Archer |
| 23:09 | Create | Villager (Male) |
| 23:14 | Build | Farm |
| 23:22 | Create | Elephant Archer |
| 23:28 | Build | Farm |
| 23:29 | Create | Villager (Male) |
| 23:39 | Build | House |
| 23:40 | Create | Elephant Archer |
Build order — LiyCoh
First 150 of 564 actions detected
| 0:00 | Create | Villager (Male) |
| 0:00 | Create | Villager (Male) |
| 0:02 | Build | House |
| 0:02 | Build | House |
| 0:14 | Create | Villager (Male) |
| 0:15 | Create | Villager (Male) |
| 1:29 | Create | Villager (Male) |
| 1:59 | Build | Lumber Camp |
| 2:05 | Create | Villager (Male) |
| 2:30 | Create | Villager (Male) |
| 2:43 | Create | Villager (Male) |
| 3:07 | Create | Villager (Male) |
| 3:32 | Build | House |
| 3:37 | Create | Villager (Male) |
| 3:58 | Build | House |
| 4:11 | Create | Villager (Male) |
| 4:25 | Create | Villager (Male) |
| 4:40 | Build | Barracks |
| 4:47 | Create | Villager (Male) |
| 4:56 | Build | House |
| 5:12 | Research | Loom |
| 5:22 | Create | Villager (Male) |
| 5:34 | Create | Militia |
| 5:34 | Create | Militia |
| 5:39 | Build | House |
| 5:41 | Create | Villager (Male) |
| 6:19 | Create | Militia |
| 6:21 | Create | Villager (Male) |
| 6:35 | Create | Villager (Male) |
| 6:53 | Build | Palisade Wall |
| 6:55 | Create | Villager (Male) |
| 7:12 | Build | Palisade Wall |
| 7:14 | Build | Palisade Wall |
| 7:16 | Build | Palisade Wall |
| 7:22 | Create | Villager (Male) |
| 7:24 | Build | Palisade Wall |
| 7:26 | Build | Palisade Wall |
| 7:29 | Build | Palisade Wall |
| 7:31 | Build | Palisade Wall |
| 7:34 | Create | Villager (Male) |
| 7:51 | Build | Mill |
| 7:56 | Create | Militia |
| 8:11 | Create | Villager (Male) |
| 8:37 | Build | Palisade Wall |
| 8:38 | Create | Villager (Male) |
| 8:40 | Build | Palisade Wall |
| 8:47 | Build | Mill |
| 9:22 | Create | Villager (Male) |
| 9:26 | Build | Farm |
| 9:37 | Build | Palisade Wall |
| 9:37 | Build | Palisade Wall |
| 9:38 | Build | Palisade Wall |
| 9:43 | Build | Farm |
| 9:48 | Create | Villager (Male) |
| 9:53 | Build | Palisade Wall |
| 9:58 | Create | Militia |
| 10:01 | Build | House |
| 10:05 | Build | Palisade Wall |
| 10:08 | Create | Villager (Male) |
| 10:18 | Create | Villager (Male) |
| 10:24 | Build | Palisade Wall |
| 10:44 | Create | Villager (Male) |
| 10:49 | Build | Palisade Wall |
| 10:50 | Build | Palisade Wall |
| 10:51 | Build | Palisade Wall |
| 10:52 | Create | Villager (Male) |
| 10:56 | Build | Palisade Wall |
| 11:00 | Build | Palisade Wall |
| 11:05 | Build | Farm |
| 11:06 | Build | Farm |
| 11:15 | Create | Militia |
| 11:30 | Build | Farm |
| 11:36 | Build | Palisade Wall |
| 11:37 | Build | Palisade Wall |
| 11:40 | Build | Farm |
| 11:57 | Build | Palisade Wall |
| 12:08 | Create | Villager (Male) |
| 12:09 | Build | Farm |
| 12:11 | Build | Farm |
| 12:15 | Build | Palisade Wall |
| 12:21 | Build | House |
| 12:35 | Build | Palisade Wall |
| 12:36 | Build | Palisade Wall |
| 12:36 | Build | Palisade Wall |
| 12:37 | Research | Feudal Age |
| 12:39 | Build | Farm |
| 12:44 | Build | Palisade Wall |
| 12:45 | Build | Palisade Wall |
| 12:45 | Build | Palisade Wall |
| 12:46 | Build | Palisade Wall |
| 12:46 | Build | Palisade Wall |
| 13:03 | Build | Palisade Wall |
| 13:45 | Build | Palisade Wall |
| 13:45 | Build | Palisade Wall |
| 13:47 | Create | Villager (Male) |
| 13:48 | Create | Villager (Male) |
| 13:51 | Build | Farm |
| 14:01 | Build | Mining Camp |
| 14:05 | Build | Palisade Wall |
| 14:14 | Build | Palisade Wall |
| 14:23 | Build | House |
| 14:47 | Age | Feudal Age |
| 14:51 | Build | Blacksmith |
| 14:57 | Research | Double-Bit Axe |
| 14:58 | Research | Horse Collar |
| 15:17 | Create | Villager (Male) |
| 15:44 | Build | Market |
| 15:59 | Create | Militia |
| 16:03 | Create | Villager (Male) |
| 16:33 | Research | Castle Age |
| 16:38 | Build | Stable |
| 16:51 | Build | Farm |
| 16:52 | Build | Farm |
| 17:08 | Build | Farm |
| 17:24 | Build | Farm |
| 17:34 | Create | Scout Cavalry |
| 17:41 | Build | Farm |
| 17:50 | Build | Farm |
| 17:52 | Create | Scout Cavalry |
| 17:59 | Build | Farm |
| 18:01 | Build | Farm |
| 18:12 | Research | Scale Barding Armor |
| 18:32 | Build | Farm |
| 18:34 | Create | Villager (Male) |
| 18:39 | Create | Scout Cavalry |
| 18:54 | Build | Farm |
| 18:58 | Research | Bloodlines |
| 19:13 | Age | Castle Age |
| 19:13 | Research | Light Cavalry (upgrade) |
| 19:13 | Research | Light Cavalry (upgrade) |
| 19:42 | Research | Bow Saw |
| 19:43 | Create | Villager (Male) |
| 20:07 | Create | Villager (Male) |
| 20:11 | Build | Palisade Gate |
| 20:14 | Build | Palisade Gate |
| 20:14 | Build | Palisade Wall |
| 20:15 | Build | Palisade Wall |
| 20:17 | Create | Scout Cavalry |
| 20:17 | Create | Villager (Male) |
| 20:22 | Build | Farm |
| 20:30 | Build | House |
| 20:33 | Build | House |
| 20:35 | Build | House |
| 20:38 | Create | Scout Cavalry |
| 20:45 | Create | Villager (Male) |
| 20:48 | Create | Scout Cavalry |
| 21:10 | Create | Scout Cavalry |
| 21:14 | Build | Stable |
| 21:29 | Create | Villager (Male) |
| 21:56 | Create | Scout Cavalry |
Match timeline
| 4:40 | LiyCoh · first_building Barracks |
| 6:53 | LiyCoh · wall_segment Palisade Wall x1 |
| 7:12 | LiyCoh · wall_segment Palisade Wall x1 |
| 7:14 | LiyCoh · wall_segment Palisade Wall x1 |
| 7:16 | LiyCoh · wall_segment Palisade Wall x1 |
| 7:24 | LiyCoh · wall_segment Palisade Wall x1 |
| 7:25 | EbolasRider · wall_segment Palisade Wall x4 |
| 7:26 | LiyCoh · wall_segment Palisade Wall x1 |
| 7:29 | LiyCoh · wall_segment Palisade Wall x1 |
| 7:31 | LiyCoh · wall_segment Palisade Wall x1 |
| 8:37 | LiyCoh · wall_segment Palisade Wall x1 |
| 8:40 | LiyCoh · wall_segment Palisade Wall x1 |
| 8:50 | EbolasRider · first_building Barracks |
| 9:37 | LiyCoh · wall_segment Palisade Wall x1 |
| 9:37 | LiyCoh · wall_segment Palisade Wall x1 |
| 9:38 | LiyCoh · wall_segment Palisade Wall x2 |
| 9:53 | LiyCoh · wall_segment Palisade Wall x1 |
| 9:58 | EbolasRider · wall_segment Palisade Wall x2 |
| 10:05 | LiyCoh · wall_segment Palisade Wall x1 |
| 10:06 | EbolasRider · age_up feudal |
| 10:10 | EbolasRider · first_building Archery Range |
| 10:24 | LiyCoh · wall_segment Palisade Wall x8 |
| 10:29 | EbolasRider · wall_segment Palisade Wall x1 |
| 10:49 | LiyCoh · wall_segment Palisade Wall x1 |
| 10:50 | LiyCoh · wall_segment Palisade Wall x1 |
| 10:51 | LiyCoh · wall_segment Palisade Wall x1 |
| 10:56 | LiyCoh · wall_segment Palisade Wall x14 |
| 11:00 | LiyCoh · wall_segment Palisade Wall x1 |
| 11:36 | LiyCoh · wall_segment Palisade Wall x5 |
| 11:37 | LiyCoh · wall_segment Palisade Wall x1 |
| 11:57 | LiyCoh · wall_segment Palisade Wall x9 |
| 12:15 | LiyCoh · wall_segment Palisade Wall x1 |
| 12:35 | LiyCoh · wall_segment Palisade Wall x3 |
| 12:36 | LiyCoh · wall_segment Palisade Wall x1 |
| 12:36 | LiyCoh · wall_segment Palisade Wall x1 |
| 12:44 | LiyCoh · wall_segment Palisade Wall x2 |
| 12:45 | LiyCoh · wall_segment Palisade Wall x1 |
| 12:45 | LiyCoh · wall_segment Palisade Wall x1 |
| 12:46 | LiyCoh · wall_segment Palisade Wall x1 |
| 12:46 | LiyCoh · wall_segment Palisade Wall x1 |
| 13:03 | LiyCoh · wall_segment Palisade Wall x4 |
| 13:45 | LiyCoh · wall_segment Palisade Wall x1 |
| 13:45 | LiyCoh · wall_segment Palisade Wall x1 |
| 14:05 | LiyCoh · wall_segment Palisade Wall x1 |
| 14:14 | LiyCoh · wall_segment Palisade Wall x1 |
| 14:47 | LiyCoh · age_up feudal |
| 14:50 | EbolasRider · wall_segment Palisade Wall x1 |
| 14:51 | EbolasRider · wall_segment Palisade Wall x1 |
| 15:43 | EbolasRider · wall_segment Palisade Wall x10 |
| 16:24 | LiyCoh · first_market_buy 100 food |
| 16:25 | LiyCoh · first_market_sell 100 stone |
| 16:34 | EbolasRider · wall_segment Palisade Wall x1 |
| 16:35 | EbolasRider · wall_segment Palisade Wall x1 |
| 16:36 | EbolasRider · wall_segment Palisade Wall x1 |
| 16:38 | LiyCoh · first_building Stable |
| 17:11 | EbolasRider · wall_segment Palisade Wall x8 |
| 17:13 | EbolasRider · wall_segment Palisade Wall x5 |
| 18:48 | EbolasRider · wall_segment Palisade Wall x10 |
| 18:54 | EbolasRider · wall_segment Palisade Wall x3 |
| 18:56 | EbolasRider · wall_segment Palisade Wall x3 |
| 18:58 | EbolasRider · wall_segment Palisade Wall x4 |
| 19:13 | LiyCoh · age_up castle |
| 19:19 | EbolasRider · wall_segment Palisade Wall x1 |
| 20:14 | LiyCoh · wall_segment Palisade Wall x1 |
| 20:15 | LiyCoh · wall_segment Palisade Wall x1 |
| 22:00 | LiyCoh · first_building Monastery |
| 22:07 | EbolasRider · age_up castle |
| 24:21 | EbolasRider · first_building Stable |
| 24:37 | LiyCoh · wall_segment Palisade Wall x1 |
| 26:56 | EbolasRider · first_building Monastery |
| 26:58 | LiyCoh · first_building Archery Range |
| 28:03 | EbolasRider · wall_segment Palisade Wall x1 |
| 35:40 | EbolasRider · first_building Castle |
| 36:00 | EbolasRider · first_building Siege Workshop |
| 39:28 | EbolasRider · first_market_sell 100 food |
| 39:44 | LiyCoh · first_building Castle |
| 41:11 | LiyCoh · first_building Siege Workshop |
| 41:40 | LiyCoh · age_up imperial |
| 43:32 | EbolasRider · first_market_buy 100 food |
| 43:47 | EbolasRider · age_up imperial |
| 49:15 | LiyCoh · wall_segment Palisade Wall x1 |
| 53:54 | LiyCoh · wall_segment Palisade Wall x1 |
| 54:15 | LiyCoh · wall_segment Palisade Wall x1 |
| 54:16 | LiyCoh · wall_segment Palisade Wall x1 |
| 54:17 | LiyCoh · wall_segment Palisade Wall x2 |
| 54:19 | LiyCoh · wall_segment Palisade Wall x5 |
| 54:25 | LiyCoh · wall_segment Palisade Wall x1 |
| 56:25 | LiyCoh · resign |
[ AI ANALYSIS · 1 CREDIT ]
What really happened in this match?
Wolo.gg analyzes every decision: build order, eco, micro, common mistakes by bracket. Personalized analysis on WhatsApp or Discord in 30 seconds.
Civ guide
Bengalis
Perfil
Jugador #4943664